Map: Thunderbird LE

Players

MCanning - Winner!

  • Race: Protoss Protoss
  • League: Master
  • Spawn Location: 11:00

Harstem

  • Race: Protoss Protoss
  • Spawn Location: 5:00

Event: NationWars 2019

VOD

Have the link to the VOD?

Description

Time

  • Played on: Nov. 16, 2019, 3:10 p.m.
  • Length: 19:14
Show
View Real Time Build Order
Export as new Build Order

MCanning Protoss - Winner!

Build Orders: Blink Stalkers 

Get SALT Encoding   

  12  0:00  Probe  
  13  0:13  Probe  
  14  0:19  Pylon  
  14  0:25  Probe  
  15  0:37  Probe (Chrono Boost)  
  15  0:38  Gateway  
  16  0:47  Assimilator  
  16  0:48  Probe (Chrono Boost)  
  17  0:52  Probe (Chrono Boost)  
  17  0:55  Assimilator  
  18  1:03  Probe (Chrono Boost)  
  19  1:10  Gateway  
  19  1:12  Probe (Chrono Boost)  
  19  1:18  Probe  
  20  1:24  Cybernetics Core  
  21  1:30  Probe  
  22  1:35  Pylon  
  22  1:42  Probe  
  23  1:54  Probe  
  23  1:59  Warp Gate (Chrono Boost)  
  24  2:01  Stalker, Sentry  
  28  2:10  Pylon  
  28  2:12  Probe  
  29  2:19  Pylon  
  29  2:28  Sentry  
  31  2:31  Stalker  
  33  2:47  Nexus  
  33  2:52  Shield Battery  
  33  3:01  Robotics Facility  
  33  3:05  Probe  
  34  3:08  Shield Battery  
  34  3:17  Probe  
  35  3:20  Twilight Council  
  35  3:29  Probe  
  36  3:40  Adept, Stalker  
  39  3:43  Pylon  
  39  3:56  Blink (Chrono Boost)  
  39  4:00  Probe (Chrono Boost)  
  39  4:01  Probe (Chrono Boost)  
  41  4:08  Stalker  
  41  4:09  Probe (Chrono Boost)  
  44  4:10  Probe (Chrono Boost)  
  44  4:15  Probe (Chrono Boost)  
  44  4:17  Stalker  
  47  4:22  Probe (Chrono Boost)  
  48  4:27  Probe (Chrono Boost)  
  50  4:32  Probe x2 (Chrono Boost)  
  50  4:36  Forge  
  51  4:41  Probe  
  51  4:42  Probe  
  53  4:52  Pylon, Assimilator  
  53  4:53  Probe  
  53  4:54  Assimilator  
  53  4:59  Robotics Facility  
  54  5:01  Probe (Chrono Boost)  
  54  5:02  Pylon  
  56  5:12  Probe (Chrono Boost)  
  56  5:13  Probe (Chrono Boost)  
  56  5:18  Probe (Chrono Boost)  
  56  5:19  Sentry  
  56  5:20  Probe (Chrono Boost)  
  60  5:23  Pylon  
  60  5:24  Protoss Ground Weapons Level 1  
  60  5:28  Probe  
  61  5:31  Probe  
  61  5:34  Gateway  
  61  5:35  Gateway  
  62  5:40  Probe  
  63  5:47  Immortal (Chrono Boost)  
  63  5:48  Charge (Chrono Boost)  
  67  5:54  Robotics Bay  
  66  5:58  Probe  
  66  5:59  Probe  
  68  6:05  Pylon, Gateway  
  68  6:10  Probe, Zealot  
  71  6:15  Probe  
  71  6:17  Robotics Facility  
  72  6:25  Observer (Chrono Boost)  
  73  6:30  Dark Shrine  
  73  6:40  Nexus  
  73  6:41  Pylon, Probe  
  73  6:42  Disruptor (Chrono Boost)  
  77  6:48  Probe  
  78  7:00  Probe  
  79  7:03  Gateway  
  79  7:05  Gateway  
  79  7:08  Disruptor (Chrono Boost)  
  82  7:12  Pylon  
  82  7:16  Probe x2  
  82  7:18  Disruptor (Chrono Boost)  
  87  7:28  Probe x2  
  89  7:31  Gateway  
  89  7:36  Zealot  
  91  7:40  Probe x2  
  91  7:42  Protoss Ground Weapons Level 2 (Chrono Boost), Disruptor (Chrono Boost)  
  91  7:43  Photon Cannon  
  96  7:50  Disruptor (Chrono Boost), Zealot  
  101  8:00  Assimilator  
  101  8:03  Probe  
  101  8:04  Assimilator  
  102  8:09  Photon Cannon  
  102  8:10  Pylon  
  102  8:12  Disruptor (Chrono Boost)  
  105  8:17  Disruptor (Chrono Boost), Dark Templar  
  108  8:20  Probe  
  108  8:22  Probe  
  108  8:25  Stalker, Photon Cannon  
  112  8:33  Stalker  
  114  8:37  Photon Cannon  
  114  8:39  Disruptor (Chrono Boost)  
  115  8:43  Stalker x2  
  119  8:52  Pylon  
  119  8:59  Probe  
  119  9:02  Stalker x5  
  128  9:04  Disruptor (Chrono Boost)  
  133  9:18  Pylon  
  133  9:21  Pylon  
  133  9:24  Pylon  
  136  9:27  Photon Cannon  
  136  9:29  Shield Battery  
  136  9:30  Pylon  
  136  9:32  Disruptor (Chrono Boost)  
  136  9:37  Disruptor (Chrono Boost)  
  134  9:39  Dark Templar x2  
  134  9:44  Stalker x2, Archon  
  145  9:59  Warp Prism (Chrono Boost)  
  147  10:02  Pylon  
  145  10:10  Dark Templar x3  
  145  10:11  Zealot x2  
  145  10:12  Zealot x3  
  159  10:20  Disruptor (Chrono Boost)  
  150  10:32  Nexus  
  150  10:33  Photon Cannon  
  150  10:39  Stalker x3  
  150  10:42  Disruptor (Chrono Boost)  
  159  10:56  Disruptor (Chrono Boost)  
  160  11:10  Dark Templar x2  
  160  11:11  Zealot x2  
  168  11:13  Stalker x2  
  168  11:14  Stalker x2  
  176  11:27  Disruptor  
  179  11:32  Photon Cannon  
  179  11:34  Shield Battery  
  179  11:37  Disruptor  
  180  11:46  Stalker x2  
  176  11:47  Stalker x2  
  176  11:48  Gateway  
  176  11:49  Gateway  
  176  11:57  Stalker  
  176  11:58  Stalker x2  
  172  12:11  Disruptor (Chrono Boost)  
  160  12:15  Disruptor (Chrono Boost)  
  160  12:20  Stalker x3  
  165  12:23  Probe  
  165  12:26  Assimilator  
  166  12:30  Assimilator  
  166  12:35  Dark Templar  
  168  12:41  Observer (Chrono Boost)  
  168  12:43  Disruptor (Chrono Boost)  
  167  12:47  Zealot x5  
  167  12:48  Zealot x4  
  186  12:58  Protoss Ground Weapons Level 3  
  186  13:02  Robotics Facility  
  186  13:04  Pylon  
  186  13:09  Observer  
  185  13:17  Disruptor  
  186  13:30  Disruptor  
  187  13:37  Stalker x3  
  187  13:38  Stalker x2  
  197  13:52  Disruptor  
  197  13:55  Nexus  
  196  14:05  Disruptor  
  191  14:31  Disruptor  
  179  15:08  Stalker x4  
  179  15:09  Stalker x6  
  179  15:12  Observer  
  195  15:59  Disruptor  
  196  16:08  Disruptor  
  199  16:35  Observer  
  190  16:44  Observer  
  191  16:47  Stargate  
  191  16:50  Gateway  
  191  16:51  Gateway  
  189  16:56  Disruptor  
  153  17:08  Stalker x2  
  153  17:09  Stalker x6  
  153  17:10  Stalker x2  
  153  17:12  Observer  
  171  17:32  Observer  
  171  17:34  Stalker x2, Observer  
  171  17:35  Stalker x5  
  171  17:36  Stalker x3  
  189  17:50  Assimilator  
  185  17:53  Disruptor  
  185  17:55  Observer  
  181  17:59  Fleet Beacon  
  181  18:00  Zealot  
  181  18:01  Zealot  
  181  18:04  Probe  
  172  18:17  Stalker x2, Warp Prism  
  172  18:18  Stalker x5  
  172  18:19  Stalker x3  
  192  18:28  Disruptor  
Show
View Real Time Build Order
Export as new Build Order

Harstem Protoss 

Build Orders: Oracle Opening, Zealot Archon 

Get SALT Encoding   

  12  0:01  Probe  
  13  0:13  Probe  
  14  0:17  Pylon  
  14  0:25  Probe (Chrono Boost)  
  15  0:37  Probe (Chrono Boost)  
  15  0:39  Gateway  
  16  0:45  Probe (Chrono Boost)  
  16  0:46  Assimilator  
  17  0:51  Probe  
  17  0:54  Assimilator  
  18  1:03  Probe (Chrono Boost)  
  19  1:13  Probe (Chrono Boost), Gateway  
  20  1:18  Probe (Chrono Boost)  
  21  1:25  Cybernetics Core  
  21  1:30  Probe  
  22  1:34  Pylon  
  22  1:42  Probe  
  23  1:55  Probe  
  24  2:01  Stargate  
  24  2:03  Stalker  
  28  2:12  Warp Gate  
  28  2:13  Probe  
  29  2:21  Stalker  
  29  2:25  Pylon, Probe  
  30  2:40  Probe  
  31  2:47  Oracle (Chrono Boost)  
  34  3:02  Nexus  
  34  3:11  Pylon, Probe  
  35  3:16  Oracle (Chrono Boost)  
  38  3:38  Probe  
  38  3:39  Robotics Facility  
  39  3:44  Pylon  
  39  3:50  Probe  
  40  3:57  Forge  
  40  4:02  Probe  
  41  4:03  Sentry, Zealot  
  45  4:14  Probe (Chrono Boost)  
  47  4:19  Probe (Chrono Boost)  
  47  4:21  Shield Battery  
  48  4:24  Probe (Chrono Boost)  
  48  4:27  Protoss Ground Weapons Level 1 (Chrono Boost)  
  48  4:28  Probe (Chrono Boost)  
  48  4:29  Probe (Chrono Boost)  
  48  4:30  Observer  
  51  4:40  Probe (Chrono Boost)  
  51  4:43  Probe (Chrono Boost)  
  53  4:49  Assimilator  
  53  4:50  Probe (Chrono Boost), Assimilator  
  55  4:53  Probe (Chrono Boost), Immortal  
  55  4:57  Pylon, Probe  
  60  5:02  Probe  
  61  5:08  Pylon  
  61  5:09  Probe  
  62  5:15  Probe  
  64  5:26  Gateway  
  64  5:28  Probe, Gateway  
  64  5:32  Immortal (Chrono Boost)  
  64  5:33  Twilight Council  
  68  5:38  Probe  
  69  5:45  Probe  
  70  5:55  Nexus  
  70  6:00  Probe  
  71  6:04  Probe  
  71  6:07  Gateway  
  71  6:08  Gateway, Sentry  
  74  6:12  Observer (Chrono Boost)  
  74  6:13  Charge  
  74  6:15  Probe  
  74  6:17  Probe  
  77  6:23  Gateway x2  
  77  6:30  Probe  
  77  6:31  Templar Archives  
  78  6:33  Pylon, Protoss Ground Weapons Level 2 (Chrono Boost)  
  78  6:36  Probe  
  79  6:42  Probe  
  80  6:48  Probe  
  80  6:51  Zealot x3  
  87  6:58  Pylon  
  86  7:02  Pylon  
  86  7:04  Probe  
  86  7:05  Probe, Photon Cannon  
  88  7:14  Phoenix (Chrono Boost)  
  90  7:16  Probe  
  90  7:20  Photon Cannon  
  90  7:22  Photon Cannon  
  91  7:23  Probe  
  91  7:29  Probe x2  
  94  7:32  Phoenix (Chrono Boost)  
  94  7:33  High Templar x2  
  99  7:38  Pylon  
  99  7:41  Archon  
  101  7:45  Warp Prism  
  101  7:47  Phoenix  
  101  7:48  Probe  
  104  7:52  Assimilator  
  104  7:53  Probe  
  104  7:56  Assimilator  
  104  7:58  Probe  
  106  8:00  Probe  
  107  8:12  Phoenix (Chrono Boost)  
  109  8:16  High Templar x2, Zealot x3, Shield Battery  
  119  8:20  Pylon  
  119  8:22  Archon  
  118  8:27  Probe  
  118  8:29  High Templar x2, Zealot  
  127  8:35  Archon  
  127  8:40  Pylon  
  127  8:51  Nexus  
  127  8:54  Pylon, High Templar x2, Zealot  
  133  8:57  Pylon  
  133  8:58  Probe, Archon  
  133  9:02  Zealot x3  
  140  9:06  Probe  
  141  9:12  Probe  
  141  9:15  Stargate  
  141  9:16  Stargate  
  142  9:18  Zealot x3  
  148  9:26  Photon Cannon  
  148  9:28  Shield Battery  
  148  9:32  Observer  
  148  9:38  Protoss Ground Weapons Level 3 (Chrono Boost)  
  146  9:41  Probe  
  146  9:42  Probe  
  146  9:43  Probe  
  149  9:48  Fleet Beacon  
  149  9:50  Assimilator  
  149  9:51  Immortal (Chrono Boost)  
  149  9:52  Pylon  
  149  9:53  Probe  
  149  9:54  Assimilator  
  149  9:56  Pylon  
  149  9:57  Pylon  
  152  10:09  Zealot x6  
  152  10:11  Phoenix (Chrono Boost)  
  152  10:12  Phoenix (Chrono Boost)  
  164  10:17  Zealot  
  156  10:25  Immortal (Chrono Boost)  
  156  10:26  Probe  
  156  10:27  Phoenix (Chrono Boost)  
  156  10:28  Phoenix (Chrono Boost)  
  151  10:39  Dark Shrine  
  151  10:40  Gateway  
  151  10:43  Gateway  
  151  10:46  Zealot x2  
  151  10:47  Zealot  
  151  10:48  Phoenix (Chrono Boost)  
  159  10:52  Phoenix (Chrono Boost)  
  159  10:54  Zealot x2  
  165  11:03  Zealot x3  
  171  11:06  Phoenix  
  171  11:08  Phoenix  
  170  11:16  Zealot x4  
  179  11:26  Phoenix  
  179  11:30  Pylon  
  179  11:32  Observer  
  180  11:42  Zealot  
  180  11:45  Zealot x2  
  178  11:51  Pylon  
  178  11:53  Pylon x2  
  176  11:55  Pylon  
  176  11:57  Pylon  
  148  12:13  Zealot x5  
  148  12:14  Zealot x5  
  152  12:20  Phoenix (Chrono Boost)  
  148  12:33  Phoenix (Chrono Boost), Observer  
  149  12:37  Nexus  
  149  12:38  High Templar x4  
  149  12:39  High Templar  
  149  12:40  High Templar  
  161  12:44  Archon x2  
  161  12:49  Phoenix  
  163  12:51  Robotics Bay  
  163  12:56  Archon  
  163  12:57  Dark Templar x2  
  167  13:01  Phoenix  
  153  13:22  Dark Templar x4  
  153  13:39  Phoenix  
  153  13:40  Disruptor (Chrono Boost)  
  150  13:45  Phoenix  
  150  13:46  Dark Templar  
  150  13:47  Zealot x5  
  153  14:05  Disruptor (Chrono Boost)  
  153  14:06  Phoenix  
  153  14:07  Zealot x2  
  153  14:08  Zealot  
  160  14:31  Disruptor (Chrono Boost)  
  139  14:55  Zealot  
  139  14:56  Zealot x9  
  139  14:59  Disruptor (Chrono Boost)  
  123  15:28  Disruptor (Chrono Boost)  
  114  15:49  Zealot x3  
  111  15:50  Zealot x2  
  111  15:51  Disruptor (Chrono Boost)  
  106  16:12  High Templar x2  
  106  16:13  High Templar x2  
  106  16:16  Archon  
  106  16:17  Disruptor (Chrono Boost), Archon  
  112  16:44  Disruptor (Chrono Boost)  
  104  17:16  Disruptor (Chrono Boost)  
  107  18:03  Nexus  
  104  18:13  Disruptor (Chrono Boost)  
  96  18:42  Disruptor (Chrono Boost)  
  88  19:01  Zealot x3  
Tags
 
Add a new tag
Caveats
  • Supply blocks, unpowered buildings, or Contaminate may cause inaccurate times.
  • Supply counts are checked every 10 seconds.